Map: Frozen Temple

Players

Braveheart

  • Race: Zerg Zerg
  • League: Master

Miszu - Winner!

  • Race: Terran Terran
  • League: Master

VOD

Have the link to the VOD?

Description

Time

  • Played on: July 4, 2016, 5:44 p.m.
  • Length: 20:34
Show
View Real Time Build Order
Export as new Build Order

Braveheart Zerg 

Build Orders: Hatch First 

Get SALT Encoding   

  12  0:02  Drone  
  13  0:14  Overlord  
  13  0:17  Drone  
  14  0:33  Drone  
  14  0:34  Drone  
  16  0:37  Drone  
  17  0:57  Drone  
  17  1:01  Drone  
  17  1:02  Hatchery  
  18  1:15  Extractor, Spawning Pool  
  18  1:18  Drone  
  17  1:25  Drone  
  18  1:35  Drone  
  19  1:47  Overlord  
  19  1:53  Drone  
  20  2:02  Queen  
  20  2:07  Roach Warren, Zergling x2  
  22  2:14  Queen  
  22  2:15  Zergling x2  
  25  2:20  Zergling x2  
  26  2:25  Metabolic Boost  
  26  2:32  Drone  
  26  2:33  Drone  
  28  2:41  Queen  
  30  2:47  Extractor  
  29  2:53  Zergling x4  
  29  2:58  Overlord  
  31  3:03  Roach  
  33  3:06  Roach  
  33  3:12  Overlord  
  37  3:20  Roach x2  
  38  3:33  Roach x2  
  41  3:36  Zergling x4  
  43  3:48  Roach x2  
  43  3:49  Roach  
  47  3:59  Roach  
  49  4:07  Roach  
  49  4:09  Overlord  
  51  4:18  Overlord  
  51  4:19  Drone  
  52  4:25  Overlord  
  52  4:28  Overlord  
  52  4:33  Drone x2  
  52  4:34  Drone  
  52  4:36  Drone  
  56  4:40  Drone  
  57  4:46  Drone  
  58  4:56  Drone x2  
  58  4:58  Drone  
  58  4:59  Drone x3  
  64  5:03  Drone  
  65  5:08  Drone  
  65  5:14  Drone  
  67  5:15  Drone  
  67  5:19  Drone  
  67  5:22  Drone x3  
  70  5:30  Evolution Chamber  
  70  5:31  Extractor  
  70  5:32  Evolution Chamber  
  70  5:34  Drone x3  
  70  5:35  Drone  
  71  5:44  Hatchery  
  71  5:47  Drone  
  71  5:48  Drone x2  
  72  5:58  Drone x3  
  72  6:02  Overlord  
  72  6:03  Overlord  
  68  6:07  Zerg Missile Weapons Level 1  
  68  6:10  Zerg Ground Armor Level 1  
  68  6:11  Roach  
  70  6:14  Roach  
  72  6:18  Overlord, Drone  
  72  6:24  Lair  
  73  6:29  Roach x2  
  77  6:38  Roach x3  
  83  6:44  Roach  
  85  6:49  Roach  
  85  6:53  Roach  
  89  6:56  Drone x3  
  89  7:00  Zergling x4  
  89  7:01  Extractor, Zergling x4  
  95  7:09  Roach x3  
  104  7:15  Roach x2  
  103  7:28  Roach  
  103  7:29  Roach x2  
  93  7:30  Drone x2  
  93  7:31  Drone  
  93  7:32  Drone x2  
  93  7:33  Drone  
  92  7:44  Drone  
  92  7:45  Drone  
  92  7:48  Glial Reconstitution, Drone  
  95  7:52  Drone  
  95  7:53  Drone x3  
  95  7:57  Drone x2  
  95  7:58  Drone  
  102  8:00  Drone  
  102  8:01  Drone  
  102  8:02  Ravager  
  102  8:05  Overlord  
  105  8:08  Drone  
  105  8:10  Extractor  
  105  8:11  Drone  
  106  8:16  Overlord  
  106  8:17  Drone  
  106  8:19  Zerg Missile Weapons Level 2, Drone  
  106  8:23  Extractor  
  106  8:24  Extractor  
  106  8:25  Hatchery  
  103  8:28  Drone x3  
  106  8:39  Roach, Spore Crawler  
  106  8:40  Roach x3  
  113  8:43  Overlord  
  113  8:50  Overlord x2  
  113  8:51  Overlord  
  113  8:53  Overlord  
  113  8:54  Overlord  
  113  9:03  Zerg Ground Armor Level 2  
  113  9:04  Overlord  
  113  9:05  Overlord x3  
  113  9:06  Overlord x2  
  113  9:11  Overlord  
  113  9:14  Roach x3  
  119  9:17  Roach  
  119  9:19  Roach  
  119  9:21  Overlord  
  119  9:23  Roach  
  125  9:28  Roach x3  
  125  9:31  Roach  
  131  9:33  Roach x2  
  135  9:39  Roach x2  
  135  9:42  Roach x2, Overseer  
  135  9:45  Roach  
  144  9:46  Roach  
  144  9:48  Roach  
  144  9:49  Roach  
  144  9:51  Roach  
  152  9:58  Ravager x7  
  159  10:04  Roach  
  159  10:05  Roach x2  
  165  10:10  Roach x3  
  165  10:12  Overlord  
  171  10:20  Roach  
  171  10:21  Roach x5  
  173  10:26  Roach  
  173  10:27  Roach x2  
  155  10:32  Drone  
  133  10:47  Drone  
  133  10:48  Drone x5  
  133  10:49  Drone x4  
  139  10:52  Hatchery  
  134  10:57  Drone x2  
  134  10:59  Infestation Pit  
  134  11:01  Drone  
  134  11:02  Drone  
  134  11:04  Drone  
  137  11:05  Overlord, Drone  
  137  11:08  Queen  
  137  11:09  Drone  
  137  11:10  Drone  
  142  11:18  Drone x3  
  137  11:26  Drone  
  137  11:27  Drone x3  
  137  11:30  Drone x3  
  143  11:40  Roach  
  143  11:41  Roach x4  
  143  11:44  Extractor x2  
  151  11:47  Infestor x2  
  151  11:49  Spore Crawler  
  151  11:53  Burrow, Infestor  
  156  11:56  Infestor x2  
  159  12:08  Drone  
  159  12:10  Roach x4  
  159  12:11  Roach x2  
  171  12:20  Ravager x10  
  181  12:23  Roach  
  181  12:24  Roach x2  
  183  12:43  Roach  
  183  12:44  Roach x11  
  177  12:47  Roach  
  160  12:52  Roach x3  
  160  12:57  Roach x3  
  172  13:04  Roach  
  172  13:05  Roach x4  
  142  13:18  Roach  
  142  13:19  Roach x7  
  148  13:22  Roach x2  
  148  13:26  Roach x2  
  149  13:33  Roach x4  
  139  13:34  Roach  
  139  13:37  Roach  
  129  13:45  Roach x13  
  129  13:47  Roach x2  
  129  13:48  Roach  
  118  13:51  Roach  
  118  13:53  Roach  
  118  13:55  Roach  
  111  14:01  Infestor  
  111  14:02  Infestor  
  115  14:04  Ravager  
  115  14:05  Ravager x4  
  120  14:10  Roach x2  
  120  14:13  Roach  
  126  14:18  Drone x2  
  126  14:19  Infestor  
  130  14:25  Drone  
  130  14:29  Roach x4  
  139  14:34  Roach x2  
  139  14:35  Overseer  
  139  14:38  Roach  
  145  14:40  Roach  
  145  14:41  Roach  
  145  14:43  Roach  
  151  14:48  Roach x2  
  151  14:49  Roach  
  157  14:53  Infestor  
  157  14:55  Ravager x4  
  157  14:58  Roach x3  
  163  15:02  Hive  
  163  15:16  Roach x9  
  181  15:30  Ravager x2  
  181  15:39  Queen  
  181  15:41  Ravager  
  180  15:45  Roach  
  180  15:46  Roach x7  
  196  15:58  Roach x2, Hatchery  
  123  16:41  Roach x9  
  123  16:42  Roach x6  
  123  16:43  Drone  
  123  16:44  Drone, Overseer  
  150  16:47  Drone  
  150  16:54  Roach x4  
  147  16:59  Roach  
  153  17:05  Roach x4  
  153  17:08  Roach  
  123  17:23  Drone  
  123  17:24  Drone x3  
  123  17:29  Ravager x2  
  108  17:30  Ravager x2  
  108  17:31  Ravager x2  
  108  17:32  Ravager x2  
  108  17:33  Drone x4  
  108  17:34  Drone  
  108  17:36  Drone  
  122  17:37  Roach  
  122  17:41  Roach x2  
  126  17:44  Roach  
  126  17:50  Ravager x2  
  130  17:51  Zerg Missile Weapons Level 3  
  130  17:59  Extractor  
  130  18:00  Roach  
  130  18:01  Roach x3  
  127  18:13  Roach x5  
  127  18:17  Roach  
  127  18:18  Roach  
  129  18:25  Drone x2  
  129  18:26  Drone x4  
  135  18:34  Ultralisk Cavern, Ravager x2  
  135  18:35  Ravager x3  
  135  18:38  Drone x2  
  141  18:45  Infestor  
  143  18:52  Drone  
  143  18:54  Drone  
  143  18:55  Drone  
  146  18:56  Queen  
  146  18:57  Extractor  
  146  18:58  Extractor, Roach  
  146  19:00  Ravager  
  149  19:04  Infestor  
  149  19:06  Roach x2  
  155  19:15  Drone  
  156  19:29  Spore Crawler  
  108  19:44  Roach  
  108  19:45  Roach  
  82  19:46  Roach x10  
  82  19:50  Roach x2  
  82  19:52  Roach  
  103  20:01  Roach x2  
  105  20:14  Ravager  
  105  20:15  Ravager x4  
Show
View Real Time Build Order
Export as new Build Order

Miszu Terran - Winner!

Build Orders: MMM Bio 

Get SALT Encoding   

  12  0:00  SCV  
  13  0:12  SCV  
  14  0:17  Supply Depot  
  14  0:25  SCV  
  15  0:39  SCV  
  15  0:41  Barracks  
  16  0:44  Refinery  
  16  0:51  SCV  
  17  0:59  Barracks  
  17  1:03  SCV  
  18  1:15  SCV  
  19  1:22  Refinery  
  19  1:27  SCV  
  19  1:32  Reaper  
  21  1:35  Barracks  
  22  1:40  SCV  
  22  1:47  Reaper  
  23  1:56  Supply Depot  
  23  2:04  Orbital Command  
  23  2:18  Reaper  
  23  2:19  Reaper  
  25  2:25  Reaper  
  26  2:34  SCV  
  27  2:46  SCV  
  27  2:50  Supply Depot, Reaper  
  29  2:51  Reaper  
  29  2:57  Reaper  
  31  3:12  SCV  
  32  3:15  Command Center  
  33  3:33  SCV  
  34  3:34  Barracks Reactor  
  34  3:35  Barracks Tech Lab  
  34  3:37  Barracks Tech Lab  
  33  3:45  SCV  
  33  3:58  Marine x2  
  33  4:00  Stimpack, SCV  
  36  4:17  Marine x3  
  36  4:22  Factory  
  39  4:27  Supply Depot, Marine, SCV, Combat Shields  
  40  4:35  Marine x2  
  40  4:37  Orbital Command  
  42  4:39  SCV  
  42  4:45  Marine x2  
  43  4:51  SCV  
  45  4:53  Marine x2  
  47  5:03  Marine x2, SCV x2  
  51  5:11  Marine x2  
  53  5:15  SCV x2  
  53  5:21  Marine x2  
  55  5:23  Starport, Factory Reactor  
  55  5:27  SCV  
  57  5:28  Marine  
  57  5:29  Marine  
  57  5:31  Supply Depot, SCV  
  57  5:34  Refinery  
  60  5:39  SCV  
  61  5:43  SCV  
  62  5:53  Command Center, SCV  
  62  5:54  Supply Depot  
  62  5:55  SCV  
  64  6:04  Marine x4  
  60  6:05  SCV  
  60  6:07  SCV  
  66  6:12  Supply Depot, Factory Tech Lab  
  66  6:16  Supply Depot  
  66  6:17  Medivac, SCV  
  69  6:19  SCV  
  69  6:20  Medivac  
  69  6:21  Marine  
  73  6:27  Refinery  
  73  6:29  SCV  
  73  6:32  SCV  
  75  6:34  Marine x2  
  75  6:36  Marine  
  75  6:38  Siege Tank  
  81  6:41  SCV  
  81  6:44  SCV  
  81  6:45  Supply Depot x2  
  83  6:53  SCV  
  84  6:56  Marine x2  
  86  7:01  Marine  
  86  7:02  Engineering Bay x2, Marine  
  88  7:14  Marine x2  
  89  7:20  Marine x2  
  89  7:21  Medivac x2  
  83  7:31  Marine  
  83  7:32  Marine  
  79  7:37  Marine  
  79  7:38  Marine, SCV x2  
  83  7:49  Marine x2, Siege Tank  
  83  7:50  SCV, Orbital Command  
  83  7:51  Medivac, SCV  
  92  7:52  Terran Infantry Weapons Level 1  
  92  7:53  Terran Infantry Armor Level 1  
  92  7:55  Marine  
  93  8:02  Marine, SCV  
  93  8:03  SCV  
  96  8:10  Supply Depot  
  96  8:14  SCV  
  96  8:17  Orbital Command  
  96  8:18  Marine x2  
  96  8:19  Marine  
  100  8:20  Marine  
  100  8:23  SCV  
  100  8:25  Siege Tank  
  100  8:27  SCV  
  106  8:32  Barracks  
  106  8:33  Barracks  
  106  8:35  SCV  
  106  8:37  Marine x3  
  106  8:38  Marine  
  106  8:39  SCV  
  106  8:40  Medivac x2  
  116  8:42  SCV, Armory  
  116  8:47  SCV  
  118  8:51  SCV  
  118  8:54  SCV  
  120  8:55  Marine  
  120  8:56  Marauder  
  120  8:58  Marine  
  120  8:59  Marine, Siege Tank  
  120  9:01  SCV  
  128  9:03  SCV  
  128  9:06  SCV  
  130  9:10  Supply Depot x2  
  130  9:13  SCV  
  130  9:15  Medivac  
  133  9:24  Barracks Tech Lab  
  133  9:25  SCV  
  133  9:26  SCV x2  
  133  9:31  Barracks Reactor, Marine x2, Medivac  
  133  9:32  Marauder x2  
  141  9:39  SCV  
  141  9:43  Marauder  
  147  9:49  Marine x2  
  145  9:52  Marine  
  145  9:53  Marauder  
  145  9:54  Refinery  
  148  10:03  Barracks  
  148  10:04  Marine, Barracks  
  148  10:05  Barracks  
  148  10:06  Supply Depot  
  149  10:08  Supply Depot  
  149  10:11  Marine x3  
  149  10:12  Terran Infantry Armor Level 2, Terran Infantry Weapons Level 2  
  149  10:16  Refinery  
  149  10:18  Marine  
  139  10:31  SCV  
  139  10:34  Marauder  
  137  10:40  Marauder  
  134  10:44  Marine, Marauder  
  136  10:50  Marine  
  136  10:51  Marine x2  
  136  10:56  Marauder  
  136  11:00  Barracks Reactor x2  
  136  11:02  Marine, Marauder  
  136  11:03  Command Center  
  139  11:05  Marine  
  139  11:08  Marine  
  139  11:09  Marine x2  
  142  11:17  Marine  
  143  11:20  Marine, Medivac x2  
  143  11:22  Marine  
  143  11:23  Marine  
  149  11:26  Marine  
  149  11:27  Marine x2  
  149  11:32  Siege Tank  
  150  11:33  Liberator  
  150  11:34  Marine  
  150  11:35  Supply Depot  
  150  11:36  Supply Depot  
  150  11:37  Supply Depot x2  
  150  11:38  Marine  
  150  11:39  Bunker, Liberator  
  152  11:40  Marine x6  
  152  11:44  Marine x3  
  161  11:52  Marine  
  164  11:56  Marine  
  164  11:58  Marine x4  
  172  12:03  Concussive Shells  
  172  12:04  Marine x5  
  177  12:11  Marauder  
  177  12:13  Marine  
  180  12:16  Marine x2, Marauder  
  180  12:17  Marauder  
  180  12:21  Marine  
  180  12:22  Marine x3  
  190  12:32  Marauder  
  190  12:33  Medivac  
  190  12:38  Marauder  
  169  12:44  Marine  
  169  12:45  Marine x2, Marauder  
  160  12:52  Marine  
  160  12:53  Marine x4, Marauder  
  166  12:59  Marine  
  166  13:00  SCV  
  166  13:02  Marine  
  166  13:03  Marine x2  
  144  13:05  Marine  
  144  13:07  Medivac  
  144  13:08  Medivac  
  144  13:10  Marine x3  
  139  13:15  Marauder  
  139  13:17  Marauder  
  136  13:24  Marauder  
  136  13:31  SCV x2  
  132  13:37  Medivac  
  132  13:39  SCV  
  123  13:50  Marine, Marauder  
  123  13:51  Marine x2  
  112  13:57  Marine  
  110  14:14  Planetary Fortress  
  109  14:26  Marine  
  109  14:27  Marine x6  
  116  14:35  Siege Tank  
  123  14:40  Terran Infantry Armor Level 3  
  123  14:45  Liberator  
  119  14:46  Terran Infantry Weapons Level 3  
  119  14:51  Orbital Command  
  119  14:55  Marauder x2, Liberator  
  119  14:58  Marine x7, Marauder  
  119  14:59  Marine  
  139  15:16  Marine, Marauder  
  139  15:20  Bunker  
  142  15:25  Sensor Tower  
  138  15:44  Marine x8, Marauder x3  
  138  15:48  SCV x4  
  156  16:00  SCV x2  
  156  16:01  Marine  
  156  16:02  Marine x4  
  156  16:04  Liberator x2  
  162  16:05  Marine x4, Marauder x2  
  170  16:19  Marine  
  170  16:20  Marine x4  
  170  16:22  Marine  
  170  16:23  Marine x2  
  170  16:24  Marauder  
  182  16:26  Marine x2  
  156  16:37  Marine  
  156  16:38  Marine x2  
  114  16:44  Marauder x2  
  114  16:45  Marauder  
  114  16:46  Marine  
  96  16:47  Marine x4  
  100  16:55  Marine x3  
  101  17:04  Marine  
  101  17:05  Marine x4  
  101  17:06  Marauder x3  
  101  17:07  Orbital Command  
  110  17:13  Marine x2  
  106  17:16  Liberator  
  106  17:17  Liberator  
  106  17:19  Marine, Orbital Command  
  106  17:22  Marine  
  94  17:23  Marine x4  
  94  17:27  Marauder x2  
  94  17:28  Marauder  
  97  17:30  Marine  
  97  17:31  Marine  
  105  17:37  Marine  
  105  17:40  Marine x2  
  108  17:48  Marauder x2  
  112  17:52  Marine x4, Marauder  
  112  17:53  Marine  
  112  17:57  Marine  
  120  18:01  SCV  
  121  18:10  Marauder x2  
  113  18:16  Medivac  
  113  18:18  Marine x8, Marauder  
  123  18:21  Medivac  
  123  18:23  Siege Tank  
  128  18:31  Marine x2  
  130  18:35  Marine  
  130  18:36  Marine x6  
  130  18:39  Marauder  
  139  18:46  Marine, Medivac  
  142  18:49  Marine, Marauder  
  142  18:51  Medivac  
  142  18:53  Marine  
  142  18:54  Marine  
  142  18:55  Siege Tank  
  152  18:57  Marine  
  152  19:01  Marine, Marauder  
  156  19:07  Marine x3  
  156  19:08  Marine, Marauder  
  162  19:10  Marauder  
  162  19:11  Marine  
  162  19:12  Marine  
  162  19:15  Marine  
  167  19:19  Marine  
  167  19:22  Marauder  
  170  19:29  Marauder  
  172  19:34  Marauder  
  172  19:38  Marine  
  131  19:39  Marine x7  
  131  19:44  Marauder  
  120  19:50  Marine  
  120  19:51  Medivac x2  
  125  19:55  Marauder  
  125  19:56  Marine x4  
  125  19:57  Marine x4  
  135  20:05  Marauder  
  137  20:08  Marine  
  137  20:12  Command Center  
  137  20:14  Marine x6  
Tags
 
Composition
MMM Bio
Matchup
TvZ
Add a new tag
Caveats
  • Supply blocks, unpowered buildings, or Contaminate may cause inaccurate times.
  • Supply counts are checked every 10 seconds.